cohdb
Replays
Latest Replays
All Replays
Popular Replays
Top Player Replays
Match Explorer
How It Works
Community
CoH3 Stats
Reddit
Sign in to upload your games and track your stats! →
Sign in with Steam
Match 46066345
Unlisted
Match 46066345
Overview
Messages
Build Orders
End
Construct Section Command Post
Infantry Section
Dingo Light Scout Car
Infantry Section
Grenade Package
Vickers Machine Gun Team
Selects Canadian Shock Battlegroup
Selects Offensive Resupply
Selects Canadian Shock Section
Canadian Shock Section
Construct Platoon Command Post
Unlock M3 Stuart Light Tanks
Construct Field Infirmary
Selects Incendiary Munitions
Infantry Section
M3 Stuart Light Tank
6-pounder Anti-tank Gun Team
Selects Smoke Operation
Selects Pyrotechnics
Canadian Shock Section
Vickers Machine Gun Team
M3 Stuart Light Tank
AP
Leonatus
0
0
Comments
sign in to comment!
No comments posted yet!